 Dungeon Crawl Stone Soup version 0.20.1-1-g8b1a95d (webtiles) character file.

115 dohliylev the Sneak (level 4, 0/31 HPs)
             Began as a Vampire Enchanter on Dec 7, 2017.
             Slain by a hippogriff (8 damage)
             ... on level 4 of the Dungeon.
             The game lasted 00:12:40 (4060 turns).

dohliylev the Sneak (Vampire Enchanter)             Turns: 4060, Time: 00:12:41

Health: 0/31       AC:  5    Str:  7    XL:     4   Next: 68%
Magic:  1/8        EV: 13    Int: 17    God:
Gold:   73         SH:  0    Dex: 15    Spells: 3/8 levels left

rFire    . . .     SeeInvis +   a - +1 dagger
rCold    + . .     Gourm    .   (no shield)
rNeg     + + .     Faith    .   b - +1 robe
rPois    +         Spirit   .   e - +0 helmet
rElec    .         Reflect  .   (no cloak)
rCorr    .         Harm     .   h - +0 pair of gloves
MR       .....                  (no boots)
Stlth    +++++.....             (no amulet)
Regen    0.1/turn               r - ring of stealth
MPRegen  0.2/turn               (no ring)

@: regenerating slowly
A: fangs 3, see invisible, unbreathing
a: Bat Form


You were on level 4 of the Dungeon.
You were very thirsty.

You visited 1 branch of the dungeon, and saw 4 of its levels.

You collected 73 gold pieces.

Inventory:

Hand Weapons
 a - a +1 dagger (weapon)
Armour
 b - a +1 robe (worn)
 e - a +0 helmet (worn)
 h - a +0 pair of gloves (worn)
Jewellery
 r - a ring of stealth (left hand)
Scrolls
 g - 6 scrolls of remove curse
 i - 4 scrolls of recharging
 q - 2 scrolls of identify {unknown}
Potions
 d - a potion of blood
 f - 2 potions of curing
 m - 2 potions of heal wounds {unknown}
 n - a potion of flight {unknown}
 p - a potion of brilliance {unknown}
Books
 c - a book of Maledictions

   Spells                             Type                      Level
   a - Corona                         Hexes                        1
   b - Ensorcelled Hibernation        Hexes/Ice                    2
   c - Confuse                        Hexes                        3
   d - Tukima's Dance                 Hexes                        3
   e - Dazzling Spray                 Conjuration/Hexes            3


   Skills:
 + Level 0.3 Fighting
 + Level 1.5 Short Blades
 + Level 2.6 Dodging
 + Level 6.2 Stealth
 + Level 2.6 Spellcasting
 - Level 5.0 Hexes
 + Level 1.0 Ice Magic


You had 3 spell levels left.
You knew the following spells:

 Your Spells              Type           Power        Failure   Level  Hunger
a - Confuse               Hex            ###.....     7%          3    ###....
b - Ensorcelled Hibernat  Hex/Ice        ##....       8%          2    ##.....


Dungeon Overview and Level Annotations

Branches:
Dungeon (4/15)
 Temple: D:4-7

Altars:


Innate Abilities, Weirdness & Mutations

You heal slowly.
You have razor-sharp teeth.
You have supernaturally acute eyesight. (SInv)
You can survive without breathing.


Message History

Confirm with . or Enter, or press ? or * to list all spells.
You don't have enough magic to cast that spell.
Firing (i - inventory): No suitable missiles.
Press: ? - help, Shift-Dir - straight line, f/p - hippogriff
Aim: a hippogriff (heavily wounded)
Okay, then.
Casting: Confuse
Confirm with . or Enter, or press ? or * to list all spells.
Aiming: Ensorcelled Hibernation
Press: ? - help, Shift-Dir - straight line, f/p - hippogriff
Aim: a hippogriff (heavily wounded, chance to defeat MR: 38%)
The hippogriff easily resists.
The hippogriff bites you!
* * * LOW HITPOINT WARNING * * *
The hippogriff barely misses you. The hippogriff claws you.
* * * LOW HITPOINT WARNING * * *
Your magical contamination has completely faded away.
You don't have enough magic at the moment.
You don't have enough magic at the moment.
The hippogriff bites you!
You die...

#.........#...
#..[........##
#.........###
#.........#
#.......(.#
#.........#
#..(......#
#.........#
##....H@.##
##.....##
#######


You could see a hippogriff.

Vanquished Creatures
  Robin (D:2)
  4 adders (D:2)
  An ooze (D:1)
  A worm (D:2)
  3 dart slugs
  5 leopard geckos
  4 giant cockroaches
  10 goblins
  5 hobgoblins
  3 kobolds
  6 bats
  4 frilled lizards
  6 rats
53 creatures vanquished.

Notes
Turn   | Place    | Note
-------+----------+-------------------------------------------
     0 | D:1      | dohliylev the Vampire Enchanter began the quest for the Orb.
     0 | D:1      | Reached XP level 1. HP: 13/13 MP: 3/3
   259 | D:1      | Reached XP level 2. HP: 17/19 MP: 3/5
   263 | D:1      | Learned a level 2 spell: Ensorcelled Hibernation
   447 | D:1      | Reached skill level 5 in Stealth
   618 | D:1      | Reached skill level 5 in Hexes
  1022 | D:2      | Reached XP level 3. HP: 24/24 MP: 6/6
  1397 | D:2      | Reached skill level 6 in Stealth
  1823 | D:2      | Reached XP level 4. HP: 30/30 MP: 4/7
  2118 | D:2      | Noticed Robin
  2463 | D:2      | HP: 1/30 [goblin[Robin] (3)]
  2840 | D:2      | Killed Robin
  2840 | D:2      | Reached skill level 1 in Ice Magic
  3332 | D:3      | Learned a level 3 spell: Confuse
  3842 | D:3      | Noticed a phantom
  3869 | D:4      | Noticed a hippogriff
  4060 | D:4      | Slain by a hippogriff

Skill      XL: |  1  2  3  4 |
---------------+-------------+-----
Stealth        | 5 6 |  6.2
Hexes          | 5 |  5.0
Ice Magic      | 1 |  1.0
Fighting       | |  0.3
Short Blades   | |  1.5
Dodging        | |  2.6
Spellcasting   | |  2.6

Action                   |  1- 3 |  4- 6 || total
-------------------------+-------+-------++-------
Melee: Dagger            |    96 |    80 ||   176
       Bite              |     7 |     6 ||    13
       Unarmed           |    10 |       ||    10
 Cast: Corona            |     6 |       ||     6
       Ensorcelled Hiber |    21 |    31 ||    52
       Confuse           |       |     4 ||     4
 Abil: End Transformatio |     5 |     2 ||     7
       Bat Form          |     5 |     2 ||     7
  Use: Scroll            |       |     8 ||     8
       Potion            |       |     4 ||     4
 Stab: Sleeping          |    21 |    12 ||    33
  Eat: Corpse            |     5 |     4 ||     9
Armor: Robe              |    20 |    17 ||    37
Dodge: Dodged            |    77 |    68 ||   145
